cohdb
Replays
Latest Replays
All Replays
Popular Replays
Top Player Replays
Match Explorer
How It Works
Community
CoH3 Stats
Reddit
Sign in to upload your games and track your stats! →
Sign in with Steam
PAX vs. Meteor Hammer
Match 27082411
Overview
Messages
Build Orders
End
Kettenkrad Recon Vehicle
Construct Infanterie Kompanie
Selects Mechanized Battlegroup
Grenadier Squad
Grenadier Squad
Grenadier Squad
Medical Station
Grenadier Squad
Construct Panzergrenadier Kompanie
Selects Raid Package
Pak 40 Anti-tank Gun Team
Selects 8 Rad Armored Car
8 Rad Armored Car
Pioneer Squad
MG 42 Machine Gun Team
Construct Panzer Kompanie
Panzer IV Medium Tank
GrW 34 Mortar Team
Selects Panther Heavy Tank
Panther Heavy Tank
Selects Spotting Scopes
Sturmpanzer IV Brummbär
Selects Wespe Self-propelled Artillery
Selects Mechanized Assault
Panzergrenadier Squad
Panzer IV Medium Tank
Pioneer Squad
Mechanized Assault
Mechanized Assault
Panzer IV Medium Tank
Pioneer Squad
MG 42 Machine Gun Team
Panzer IV Medium Tank
Mechanized Assault
METEOR_HAMMER
PAX AJAX
0
0
Comments
sign in to comment!
No comments posted yet!